 Dungeon Crawl Stone Soup version 0.29.1-4-g47bece8355 (webtiles) character file.

Game seed: 2289857957963958560

3313 raph the Summoner (level 9, 0/42 HPs)
             Began as a Felid Summoner on Dec 10, 2022.
             Was an Initiate of Gozag.
             Killed from afar by an efreet (21 damage)
             ... with a bolt of fire
             ... on level 8 of the Dungeon.
             The game lasted 00:39:18 (17278 turns).

raph the Summoner (Felid Summoner)                 Turns: 17278, Time: 00:39:19

Health: 0/42       AC:  2    Str:  4    XL:     9   Next: 70%
Magic:  16/22      EV: 23    Int: 21    God:    Gozag
Gold:   1195       SH:  0    Dex: 17    Spells: 5/24 levels left
                                        Lives:  0   Deaths: 3

rFire   . . .      SeeInvis +   (weapon unavailable)
rCold   . . .      Faith    .   (shield unavailable)
rNeg    . . .      Spirit   .   (body armour unavailable)
rPois   .          Reflect  .   (helmet unavailable)
rElec   .          Harm     .   (cloak unavailable)
rCorr   .          Rampage  .   (gloves unavailable)
Will    ++...                   (boots unavailable)
Stlth   ++........              (no amulet)
HPRegen 0.14/turn               o - ring of willpower
MPRegen 0.18/turn               p - ring of wizardry

@: gold aura, quick
A: very small, claws 1, fangs 3, see invisible, speed 1, shaggy fur 2, stealthy
paws, no weapons or thrown items, no armour, multi-lived
a: Renounce Religion, Potion Petition, Call Merchant, Bribe Branch


You were on level 8 of the Dungeon.
You worshipped Gozag.
Gozag was most pleased with you.
You visited 1 branch of the dungeon, and saw 8 of its levels.

You collected 1292 gold pieces.
You paid 97 gold pieces to Gozag.

Inventory:

Jewellery
 f - a ring of ice
 o - a ring of willpower (left paw)
 p - a ring of wizardry (right paw)
Wands
 d - a wand of paralysis (2)
 n - a wand of flame (26)
 t - a wand of mindburst (14)
Scrolls
 j - 2 scrolls of enchant armour
 k - 2 scrolls of enchant weapon
 l - 6 scrolls of teleportation
 q - a scroll of fear
 r - 4 scrolls of identify
 s - 2 scrolls of butterflies
Potions
 a - a potion of magic
 b - a potion of haste
 c - 7 potions of curing
 e - 3 potions of invisibility
 g - 3 potions of brilliance
 h - 3 potions of attraction
 i - a potion of ambrosia
 m - 2 potions of heal wounds


   Skills:
 + Level 6.7 Fighting
 + Level 9.4 Dodging
 - Level 2.8 Stealth
 + Level 8.1 Spellcasting
 - Level 5.0 Hexes
 + Level 9.4 Summonings
 + Level 5.0 Air Magic


You had 5 spell levels left.
You knew the following spells:

 Your Spells              Type           Power      Damage    Failure   Level
a - Summon Small Mammal   Summ           100%       N/A       1%          1
b - Call Imp              Summ           48%        N/A       1%          2
c - Call Canine Familiar  Summ           48%        N/A       1%          3
d - Summon Guardian Gole  Hex/Summ       38%        N/A       1%          3
e - Summon Lightning Spi  Summ/Air       39%        N/A       1%          4
f - Conjure Flame         Conj/Fire      8%         6-21      10%         3
g - Inner Flame           Hex/Fire       19%        N/A       3%          3

Your spell library contained the following spells:

 Spells                   Type           Power      Damage    Failure   Level
 Foxfire                  Conj/Fire      32%        2x1d5     3%          1
 Flame Wave               Conj/Fire      8%         2d5       30%         4


Dungeon Overview and Level Annotations

Branches:
Dungeon (8/15)             Temple (0/1) D:7            Lair (0/5) D:8

Altars:
Ashenzari
Dithmenos
Gozag
Hepliaklqana
Kikubaaqudgha
Nemelex Xobeh
Sif Muna
Xom
Yredelemnul

Shops:
D:8 [

Annotations:
D:5 2 transporters
D:6 1 runed translucent door, gargbit's ghost, amateur OpDe


Innate Abilities, Weirdness & Mutations

You have sharp claws.
You have razor-sharp teeth.
You have supernaturally acute eyesight. (SInv)
You cover ground quickly. (Speed+)
You are covered in thick fur. (AC +2)
Your paws help you pounce on unaware monsters.
You are incapable of wielding weapons or throwing items.
You cannot wear armour.
You gain extra lives every three experience levels.


Message History

t - Meow!
Orders for allies: a - Attack new target. r - Retreat! s - Stop attacking. g - Guard the area. f - Follow me.
Anything else - Cancel.
Gang up on whom?
Press: ? - help, Dir - move target, f - wyvern
Aim: a wyvern (ally target) Attack!
The wyvern barely misses your guardian golem.
The wyvern hisses menacingly.
The wyvern bites your guardian golem! x2
Your guardian golem overheats!
The wyvern bites your guardian golem! Flame seeps out of your guardian golem.
Your guardian golem is engulfed in blazing flames.
Flame seeps out of your guardian golem.
The wyvern barely misses your guardian golem.
Your guardian golem is engulfed in blazing flames.
Your guardian golem disappears in a puff of smoke!
Your guardian golem explodes!
The fiery explosion engulfs the wyvern!!!
The wyvern dies!
You start resting.
Magic restored.
Casting: Summon Guardian Golem (safe; 1% risk of failure)
Confirm with . or Enter, or press ? or * to list all spells.
An electric hum fills the air.
Casting: Summon Lightning Spire (dangerous; 1% risk of failure)
Confirm with . or Enter, or press ? or * to list all spells.
A beastly little devil appears in a puff of frigid air.
The efreet gestures at you. The bolt of fire hits you!!
Ouch! That really hurt!
Your lightning spire shoots out a bolt of lightning at the efreet!
The bolt of electricity hits the efreet!
The efreet gestures at you. The bolt of fire hits you!!
Ouch! That really hurt!
You die...
Your body crumbles into a pile of gold.

###.###...#................##
#)...###.#...##..)##.##...#_
#........#...####.##.##...##
#°.....#.##.#####.##.##.....
####.°......###.....[.......
#..R....8)##...........).
#........................
#........##.........)..##
#.......@....[...........
#.....)5.#.#...##########
#..........#...#♣♣.♣♣#♣..
#..............#♣.♣.♣#.♣♣
#..(...........#♣.♣.♣#.♣
#..............#.♣♣♣.#.♣♣
######.#>.#....#.♣.♣.#♣..
##########....##.#..#.♣.♣.#♣..
##.......#..#####....#.♣.♣.♣.♣.


You could see an efreet (ally target), a friendly lightning spire (summoned) and
a friendly white imp (summoned).

Vanquished Creatures
  An orc warrior (D:7)
  A hound (D:5)
  An adder (D:3)
  An ufetubus (D:6)
  A dart slug (D:1)
  4 orcs
  2 endoplasms (D:1)
  3 hobgoblins
  A quokka (D:3)
  A bat (D:2)
  A rat (D:3)
17 creatures vanquished.

Vanquished Creatures (collateral kills)
  A catoblepas (D:8)
  Amaemon (D:8)
  An orange demon (D:8)
  Maggie (D:8)
  Prince Ribbit (D:6)
  A hornet (D:8)
  Grinder (D:3)
  A wyvern (D:8)
  2 steam dragons (D:8)
  Grum (D:8)
  4 ice beasts
  3 ogres
  2 black bears (D:5)
  2 wolves (D:8)
  7 centaurs
  A phantom (D:4)
  2 kobold brigands (D:5)
  2 bullfrogs (D:8)
  2 scorpions
  3 necrophages
  2 wights
  A killer bee (D:8)
  A howler monkey (D:5)
  A jelly (D:6)
  3 hounds
  3 orc priests
  Ijyb (D:3)
  An iguana (D:3)
  4 orc wizards
  6 gnolls
  5 adders
  A shadow imp (D:7)
  An ufetubus (D:4)
  3 worms
  2 dart slugs (D:2)
  24 orcs
  5 bats
  4 endoplasms
  4 giant cockroaches
  5 hobgoblins
  3 quokkas
  6 ball pythons
  6 goblins
  9 kobolds
  3 rats
143 creatures vanquished.

Vanquished Creatures (others)
  A two-headed ogre (D:7)
  A wyvern (D:8)
  2 yaks (D:8)
  2 steam dragons
  2 orc warriors (D:8)
  A bullfrog (D:7)
  A jelly (D:8)
  A gnoll bouda (D:7)
  3 gnolls (D:7)
  2 orcs (D:6)
  3 fungi (D:7)
  9 plants
28 creatures vanquished.

Grand Total: 188 creatures vanquished

Notes
Turn   | Place    | Note
-------+----------+-------------------------------------------
     0 | D:1      | raph the Felid Summoner began the quest for the Orb.
     0 | D:1      | Reached XP level 1. HP: 7/7 MP: 4/4
   285 | D:1      | Reached XP level 2. HP: 7/11 MP: 1/6
   445 | D:1      | Learned a level 2 spell: Call Imp
  1918 | D:2      | Reached XP level 3. HP: 4/14 MP: 2/8
  1922 | D:2      | Learned a level 3 spell: Call Canine Familiar
  3273 | D:2      | Reached XP level 4. HP: 18/18 MP: 5/9
  3819 | D:3      | Noticed Grinder
  3847 | D:3      | Killed Grinder
  3848 | D:3      | Reached skill level 5 in Summonings
  3848 | D:3      | Reached XP level 5. HP: 10/21 MP: 1/12
  3896 | D:3      | Gained mutation: You are covered in thick fur. (AC +2)
                  | [Felid growth]
  3896 | D:3      | Reached XP level 6. HP: 16/24 MP: 2/13
  4104 | D:3      | Learned a level 3 spell: Summon Guardian Golem
  4342 | D:3      | Noticed Ijyb
  4357 | D:3      | Paralysed by Ijyb for 4 turns
  4390 | D:3      | Killed Ijyb
  4583 | D:3      | Found a faded altar of an unknown god.
  5725 | D:4      | Reached skill level 5 in Spellcasting
  5835 | D:4      | Found a shimmering blue altar of Sif Muna.
  5907 | D:4      | Reached skill level 1 in Hexes
  5907 | D:4      | Reached XP level 7. HP: 21/28 MP: 15/15
  6192 | D:4      | You fall into a shaft and drop 1 floor!
  6192 | D:5      | Entered Level 5 of the Dungeon
  6303 | D:4      | Reached skill level 1 in Fighting
  7045 | D:5      | Found an opulent altar of Gozag.
  7082 | D:5      | Became a worshipper of Gozag Ym Sagoz the Greedy
  7134 | D:5      | Found a shimmering altar of Xom.
  7160 | D:5      | Reached XP level 8. HP: 20/34 MP: 12/17
  7550 | D:5      | Found a shadowy altar of Dithmenos.
  7556 | D:5      | Learned a level 4 spell: Summon Lightning Spire
  7614 | D:5      | Found a transporter.
  7620 | D:5      | Noticed a two-headed ogre
  7632 | D:5      | Found an ancient bone altar of Kikubaaqudgha.
  7643 | D:5      | Found a transporter.
  8045 | D:6      | Reached skill level 5 in Dodging
  8415 | D:5      | HP: 1/34 [ice beast (11)]
  9028 | D:6      | Identified the +0 robe of Refuge {Rampage Str+7}
  9867 | D:6      | Reached skill level 5 in Hexes
 10251 | D:6      | Noticed Prince Ribbit
 10288 | D:6      | Killed Prince Ribbit
 10289 | D:6      | Reached skill level 1 in Air Magic
 10647 | D:6      | Killed from afar by a steam dragon
 10648 | D:6      | Reached XP level 7. HP: -9/31 MP: 17/17
 10838 | D:6      | Reached XP level 8. HP: 36/36 MP: 9/18
 10971 | D:6      | Found a runed translucent door.
 10976 | D:6      | Noticed gargbit's ghost (amateur OpDe)
 12159 | D:7      | Slain by an ice beast
 12160 | D:7      | Reached XP level 7. HP: -5/32 MP: 15/17
 12205 | D:7      | Noticed a two-headed ogre
 12218 | D:7      | Killed a two-headed ogre
 12219 | D:7      | Reached XP level 8. HP: 36/36 MP: 13/19
 12806 | D:7      | Learned a level 3 spell: Conjure Flame
 12834 | D:7      | Learned a level 3 spell: Inner Flame
 12924 | D:7      | Reached skill level 5 in Fighting
 13412 | D:7      | Found a staircase to the Ecumenical Temple.
 13503 | D:7      | Found a basalt altar of Yredelemnul.
 13798 | D:7      | Reached XP level 9. HP: 40/40 MP: 20/20
 14075 | D:8      | Found a hazy altar of Hepliaklqana.
 14078 | D:8      | Found Bonileom's Armour Shoppe.
 14103 | D:8      | Found a sparkling altar of Nemelex Xobeh.
 14105 | D:8      | Noticed Grum
 14130 | D:8      | Killed Grum
 14320 | D:8      | Found a staircase to the Lair.
 14329 | D:8      | Noticed Maggie
 14739 | D:8      | Noticed Amaemon
 14745 | D:8      | Noticed an orange demon
 14768 | D:8      | Killed an orange demon
 14774 | D:8      | Killed Amaemon
 15462 | D:8      | Found a broken altar of Ashenzari.
 15482 | D:8      | Noticed a catoblepas
 15492 | D:8      | Killed Maggie
 15493 | D:8      | Reached XP level 10. HP: 34/45 MP: 17/22
 15504 | D:8      | Killed a catoblepas
 15664 | D:8      | Killed from afar by an efreet
 15665 | D:8      | Reached XP level 9. HP: -12/42 MP: 15/21
 15879 | D:8      | HP: 2/42 [efreet/fireball (12)]
 16701 | D:8      | Reached skill level 5 in Air Magic
 17278 | D:8      | Killed from afar by an efreet

Illustrated notes

Levels and vault maps discovered:
D:1:      wander_arrival_peaceful_grave, layout_basic
D:2:      layout_basic
D:3:      layout_loops_corners, basic_ecumenical_altar, serial_rivers,
          chequers_serial_rivers_marsh, chequers_serial_rivers_micro_d,
          chequers_serial_rivers_small_3, chequers_serial_rivers_large_a,
          minmay_divided_ellipse, uniq_ijyb, uniq_grinder
D:4:      layout_cave_pools, mainiacjoe_overflow_paths
D:5:      layout_cave_pools, mainiacjoe_overflow_brackets,
          mainiacjoe_overflow_catch_the_wave, gammafunk_temple_overflow_arena
D:6:      layout_layer_cave, nicolae_ossuary_entry_ruins, ebering_ghost_sewer_d,
          uniq_prince_ribbit1
D:7:      layout_basic, mainiacjoe_overflow_boulevard,
          minmay_temple_entry_drinking_statues, corexii_item_surrounded_by_moat,
          nicolae_figureground_sparkle
D:8:      nzn_winding_woodlands_three_and_one [nzn_winding_woodlands_5x15_twine,
          nzn_winding_woodlands_5x15_zeroes, nzn_winding_woodlands_5x15_eye,
          nzn_winding_woodlands_center_garden], layout_rooms,
          ashenzari_conservatory_becter, mainiacjoe_overflow_small_starburst,
          kennysheep_mini, nicolae_take_the_stairs, kennysheep_crisscross,
          minmay_misc_feat_ornament, minmay_pinched_square, uniq_amaemon,
          uniq_grum, uniq_psyche, uniq_maggie

Skill      XL: |  1  2  3  4  5  6  7  8  9 10 |
---------------+-------------------------------+-----
Spellcasting   | 3 4 5 7 8 |  8.1
Summonings     | 5 6 8 9 |  9.4
Dodging        | 3 7 5 8 9 |  9.4
Hexes          | 1 3 5 |  5.0
Fighting       | 2 5 6 |  6.7
Air Magic      | 2 3 5 |  5.0
Stealth        | |  2.8

Action                   |  1- 3 |  4- 6 |  7- 9 | 10-12 || total
-------------------------+-------+-------+-------+-------++-------
Melee: Unarmed           |    37 |    37 |    52 |     7 ||   133
       Bite              |     5 |     4 |     6 |     2 ||    17
       Punch             |       |       |     1 |       ||     1
 Cast: Summon Small Mamm |    22 |    15 |    92 |       ||   129
       Call Imp          |    13 |    13 |    45 |     1 ||    72
       Call Canine Famil |     8 |    16 |    44 |     2 ||    70
       Summon Guardian G |       |       |    29 |     2 ||    31
       Summon Lightning  |       |       |    15 |     2 ||    17
       Conjure Flame     |       |       |     3 |       ||     3
       Inner Flame       |       |       |     3 |       ||     3
Evoke: Wand              |       |       |     2 |       ||     2
  Use: Scroll            |     6 |     7 |     5 |       ||    18
       Potion            |       |       |     1 |       ||     1
 Stab: Sleeping          |       |     1 |       |       ||     1
Armor: Skin              |     3 |     2 |     7 |       ||    12
Dodge: Dodged            |    53 |    31 |   155 |     6 ||   245
